 Dungeon Crawl Stone Soup version 0.28-a0-980-g3664467d6e (webtiles) character file.

Game seed: 8195532465401512492

10539 KyoPewz the Arsonist (level 11, -5/64 HPs)
             Began as a Deep Elf Fire Elementalist on Dec 2, 2021.
             Was a Believer of Vehumet.
             Slain by an eight-headed hydra (6 damage)
             ... on level 1 of the Lair of Beasts.
             The game lasted 01:34:46 (16751 turns).

KyoPewz the Arsonist (Deep Elf Fire Elementalist)  Turns: 16751, Time: 01:34:47

Health: -5/64      AC: 14    Str:  7    XL:     11   Next: 37%
Magic:  4/23       EV: 18    Int: 23    God:    Vehumet [**....]
Gold:   487        SH:  5    Dex: 15    Spells: 3/24 levels left

rFire   . . .      SeeInvis .   W - +2 shortbow (vorpal) {bow}
rCold   + . .      Faith    .   (shield currently unavailable)
rNeg    . . .      Spirit   .   Y - +2 leather armour {rC+}
rPois   .          Reflect  +   v - +0 helmet
rElec   .          Harm     .   A - +0 cloak
rCorr   +          Rampage  .   E - +1 pair of gloves of Lifelessness {Will+ rCorr}
Will    ++...                   S - +0 pair of boots
Stlth   ++........              p - amulet of reflection
HPRegen 0.20/turn               U - +4 ring of protection
MPRegen 0.18/turn               u - +4 ring of evasion

@: no status effects
A: no striking features
a: Renounce Religion


You were on level 1 of the Lair of Beasts.
You worshipped Vehumet.
Vehumet was pleased with you.
You visited 3 branches of the dungeon, and saw 13 of its levels.
You also visited: Sewer and Ossuary.

You collected 689 gold pieces.
You spent 202 gold pieces at shops.


   Skills:
 - Level 6.0 Fighting
 - Level 6.0 Dodging
 - Level 2.4 Stealth
 + Level 7.2 Spellcasting
 - Level 7.0 Conjurations
 - Level 8.3 Hexes
 - Level 12.1 Fire Magic
 + Level 6.0 Earth Magic


You had 3 spell levels left.
You knew the following spells:

 Your Spells              Type           Power      Damage    Failure   Level
a - Foxfire               Conj/Fire      100%       2x1d9     1%          1
b - Scorch                Fire           100%       2d10      1%          2
c - Conjure Flame         Conj/Fire      51%        6-21      1%          3
d - Inner Flame           Hex/Fire       53%        N/A       1%          3
e - Searing Ray           Conj           80%        2d7       1%          2
f - Flame Wave            Conj/Fire      51%        2d9       2%          4
g - Shock                 Conj/Air       96%        1d9       2%          1
h - Cause Fear            Hex            23%        N/A       3%          4
s - Sandblast             Erth           70%        2d15      1%          1

Your spell library contained the following spells:

 Spells                   Type           Power      Damage    Failure   Level
 Magic Dart               Conj           100%       1d8       1%          1
 Corpse Rot               Necr/Air       16%        N/A       17%         2
 Poisonous Vapours        Pois/Air       16%        N/A       17%         2
 Ozocubu's Armour         Ice            8%         N/A       34%         3
 Fulminant Prism          Conj/Hex       21%        3d13      4%          4
 Dispersal                Tloc           4%         N/A       100%        6
 Dragon Form              Tmut           4%         N/A       100%        7
 Ozocubu's Refrigeration  Ice            4%         4d5       100%        7
 Disjunction              Tloc           4%         N/A       100%        8
 Dragon's Call            Summ           4%         N/A       100%        9

Inventory:

Hand Weapons
 H - a +3 dagger of freezing {short}
   (You took it off a wight on level 6 of the Dungeon)
 W - a +2 vorpal shortbow (weapon) {bow}
   (You took it off a centaur on level 9 of the Dungeon)
Missiles
 l - a throwing net {=f!fthrowing}
 n - 295 stones {throwing}
 L - 210 arrows (quivered ammo)
 N - 16 poisoned darts {throwing}
Armour
 v - a +0 helmet (worn)
   (You found it in a sewer)
 A - a +0 cloak (worn)
   (You found it on level 5 of the Dungeon)
 E - the +1 pair of gloves of Lifelessness (worn) {Will+ rCorr}
   (You found it on level 10 of the Dungeon)

   rCorr:     It protects you from acid and corrosion.
   Will:      It increases your willpower.
 J - the +1 chain mail of Midnight {Int+5}
   (You found it in an ossuary)

   Int:       It affects your intelligence (+5).
 S - a +0 pair of boots (worn)
   (You found it on level 8 of the Dungeon)
 Y - a +2 leather armour of cold resistance (worn)
   (You took it off an orc on level 9 of the Dungeon)
Jewellery
 b - a ring of protection from fire
   (You found it on level 1 of the Dungeon)
 j - a +4 ring of protection
   (You found it on level 9 of the Dungeon)
 m - a ring of protection from cold
   (You found it on level 5 of the Dungeon)
 o - a ring of positive energy
   (You took it off a hobgoblin on level 3 of the Dungeon)
 p - an amulet of reflection (around neck)
   (You found it on level 11 of the Dungeon)
 u - a +4 ring of evasion (right hand)
   (You found it in a sewer)
 T - a ring of protection from fire
   (You found it on level 8 of the Dungeon)
 U - a +4 ring of protection (left hand)
   (You found it on level 8 of the Dungeon)
Wands
 y - a wand of charming (10)
   (You took it off Ijyb on level 5 of the Dungeon)
 B - a wand of iceblast (19)
   (You took it off an orc on level 5 of the Dungeon)
 C - a wand of polymorph (13)
   (You took it off an orc on level 5 of the Dungeon)
 P - a wand of digging (5)
   (You found it on level 7 of the Dungeon)
 V - a wand of mindburst (4)
   (You took it off an orc warrior on level 9 of the Dungeon)
 X - a wand of flame (10)
   (You took it off an orc warrior on level 9 of the Dungeon)
Scrolls
 d - a scroll of enchant armour {unknown}
 f - 4 scrolls of immolation {!r!r}
 g - 2 scrolls of magic mapping {!r}
 h - a scroll of fog
 k - a scroll of holy word
 q - 3 scrolls of fear
 r - 7 scrolls of teleportation {@r4}
 s - a scroll of brand weapon {unknown}
 w - a scroll of acquirement {unknown}
 K - a scroll of blinking {!r}
Potions
 a - a potion of attraction {!q}
 c - 3 potions of resistance
 e - 3 potions of haste {@q3}
 i - a potion of berserk rage {unknown}
 t - a potion of magic
 x - a potion of lignification {!q}
 z - 6 potions of heal wounds {@q2}
 D - a potion of mutation {!q}
 F - 2 potions of might {unknown}
 G - 2 potions of flight
 I - 3 potions of curing {@q1}
 M - a potion of ambrosia {unknown}

Dungeon Overview and Level Annotations

Branches:
Dungeon (11/15)            Temple (1/1) D:6            Lair (1/6) D:11
    Orc (0/2) D:9           Sewer (visited)         Ossuary (visited)

Altars:
Ashenzari
Cheibriados
Dithmenos
Elyvilon
Fedhas
Gozag
Hepliaklqana
Kikubaaqudgha
Makhleb
Nemelex Xobeh
Okawaru
Qazlal
Ru
Sif Muna
Trog
Uskayaw
Vehumet
Wu Jian
Xom
Yredelemnul
Zin
The Shining One

Shops:
D:1 (   D:8 :   D:11 :*?*

Annotations:
D:11 exclusion: orange crystal statue

##+#..#.............#..#
..........##.###.#..#
............(........#
......................##
..............#
.............##
.............#
.#####'####..# ####@#
#..## #P.#D## #...#
#....# #..##
#....###...#
#....##P..P# ..#.
##....###..## .....
#.....# #..# ......
###.### #..# #.P#..
#.#####..#


You could see an eight-headed hydra.


Message History

Confirm with . or Enter, or press ? or * to list all spells.
Casting: Cause Fear (dangerous; 3% risk of failure)
Press: ? - help, Dir - look around, f - activate The eight-headed hydra resists with some effort.
The eight-headed hydra is engulfed in blazing flames.
Flame seeps out of the eight-headed hydra.
The eight-headed hydra bites you but does no damage. x2
The eight-headed hydra closely misses you.
You block the eight-headed hydra's attack.
The eight-headed hydra closely misses you. x2
The eight-headed hydra bites you but does no damage.
The eight-headed hydra bites you! 😕 HP[-9] MP[-4]
You take 9 damage, and now have 55/64 hp.
You lost 4 mp, and now have 9/23 mp.
Casting: Cause Fear (dangerous; 3% risk of failure)
Confirm with . or Enter, or press ? or * to list all spells.
Casting: Cause Fear (dangerous; 3% risk of failure)
Press: ? - help, Dir - look around, f - activate Look: an eight-headed hydra (severely wounded, inner flame, chance to affect: 48%)
The eight-headed hydra resists with some effort.
The eight-headed hydra closely misses you.
The eight-headed hydra bites you. x2
You block the eight-headed hydra's attack.
The eight-headed hydra misses you.
The eight-headed hydra bites you but does no damage.
The eight-headed hydra bites you.
The eight-headed hydra closely misses you. 😮 HP[-9] MP[-4]
You take 9 damage, and now have 46/64 hp.
You lost 4 mp, and now have 5/23 mp.
Casting: Cause Fear (dangerous; 3% risk of failure)
Confirm with . or Enter, or press ? or * to list all spells.
Casting: Cause Fear (dangerous; 3% risk of failure)
Press: ? - help, Dir - look around, f - activate Look: an eight-headed hydra (severely wounded, inner flame, chance to affect: 48%)
The eight-headed hydra resists with some effort.
The eight-headed hydra completely misses you.
The eight-headed hydra bites you but does no damage.
You block the eight-headed hydra's attack.
The eight-headed hydra bites you but does no damage.
The eight-headed hydra misses you.
The eight-headed hydra closely misses you. x3 😮 MP[-4]
You lost 4 mp, and now have 1/23 mp. 😮 HP[+1]
The eight-headed hydra bites you! The eight-headed hydra misses you.
The eight-headed hydra bites you but does no damage.
The eight-headed hydra misses you.
The eight-headed hydra closely misses you.
The eight-headed hydra completely misses you.
The eight-headed hydra bites you but does no damage.
The eight-headed hydra barely misses you. 😮 HP[-13] MP[+1]
You take 13 damage, and now have 34/64 hp.
MASSIVE DAMAGE!! (PAUSE)
The eight-headed hydra bites you but does no damage.
You block the eight-headed hydra's attack.
The eight-headed hydra bites you but does no damage.
The eight-headed hydra misses you. x2
The eight-headed hydra closely misses you.
The eight-headed hydra bites you but does no damage. x2 😮 HP[+1] 😮 MP[+1] 😮 HP[+1] 😮 MP[+1] 😮 HP[+1]
The eight-headed hydra's inner flame fades away. 😮 MP[+1] 😮 HP[+1]
Casting: Cause Fear (dangerous; 3% risk of failure)
Confirm with . or Enter, or press ? or * to list all spells.
The fire begins to smoulder! 😮 MP[-3]
You lost 3 mp, and now have 2/23 mp.
The eight-headed hydra smothers the flame. 😮 MP[+1] 😮 HP[+1]
The eight-headed hydra bites you!
* * * LOW HITPOINT WARNING * * *
The eight-headed hydra bites you!
* * * LOW HITPOINT WARNING * * *
The eight-headed hydra closely misses you.
The eight-headed hydra misses you.
The eight-headed hydra bites you but does no damage.
The eight-headed hydra barely misses you.
The eight-headed hydra closely misses you.
The eight-headed hydra bites you but does no damage. 😱 HP[-23] MP[+1]
You take 23 damage, and now have 16/64 hp.
MASSIVE DAMAGE!! (PAUSE) 😨 HP[+1]
You open the door. The eight-headed hydra bites you.
* * * LOW HITPOINT WARNING * * *
The eight-headed hydra bites you but does no damage.
The eight-headed hydra bites you!
* * * LOW HITPOINT WARNING * * *
The eight-headed hydra completely misses you.
The eight-headed hydra bites you.
You die...

Skill      XL: |  1  2  3  4  5  6  7  8  9 10 11 |
---------------+----------------------------------+-----
Conjurations   | 2 3 4 6 7 |  7.0
Fire Magic     | 4 5 6 7 8 12 | 12.1
Spellcasting   | 4 5 6 7 |  7.2
Hexes          | 3 8 |  8.3
Dodging        | 6 |  6.0
Fighting       | 2 6 |  6.0
Earth Magic    | 1 6 |  6.0
Stealth        | |  2.4

Action                   |  1- 3 |  4- 6 |  7- 9 | 10-12 || total
-------------------------+-------+-------+-------+-------++-------
Melee: Unarmed           |     5 |       |       |       ||     5
       Dagger            |    11 |    26 |    44 |    11 ||    92
 Fire: Shortbow          |       |       |       |    16 ||    16
 Cast: Foxfire           |    50 |    83 |   181 |   161 ||   475
       Scorch            |     7 |    14 |    47 |    81 ||   149
       Conjure Flame     |       |     4 |     5 |     6 ||    15
       Searing Ray       |       |     2 |    10 |     9 ||    21
       Flame Wave        |       |       |     6 |     3 ||     9
       Shock             |       |       |     3 |     3 ||     6
       Cause Fear        |       |       |       |     6 ||     6
       Sandblast         |       |       |       |     5 ||     5
       Inner Flame       |       |       |       |     2 ||     2
Evoke: Wand              |       |       |       |     1 ||     1
  Use: Scroll            |       |       |     6 |    10 ||    16
       Potion            |       |       |       |     1 ||     1
 Stab: Sleeping          |     1 |       |       |       ||     1
Armor: Robe              |    10 |    12 |    25 |     5 ||    52
       Leather armour    |       |       |       |    44 ||    44
Dodge: Dodged            |    27 |    23 |   105 |   108 ||   263
Block: Other             |       |       |       |    19 ||    19
       Reflection        |       |       |       |     7 ||     7

Levels and vault maps discovered:
D:1:      minmay_arrival_plants_in_alcoves, layout_loops_ring, serial_shops,
          shop, st_stairs_6
D:2:      layout_rooms
D:3:      minmay_diamond_boxcup, layout_basic,
          nicolae_hepliaklqana_ecumenical_no_more, xom_redecorated,
          nicolae_tso_besieged_by_evil, chequers_ecumenical_altar_simple_redux,
          nicolae_concentric_dashed_squares_mild, grunt_ministairs_15,
          kennysheep_nondescript
D:4:      layout_loops_corners, general_overflow_altar,
          nicolae_overflow_hidden_temple, portal_sewer_entry_f
D:5:      layout_cave_pods, lemuel_doored_altar, minmay_statues_item, uniq_ijyb
D:6:      layout_loops_corners, nicolae_overflow_crystal_walls,
          mainiacjoe_overflow_24_doors, minmay_temple_entry_drinking_statues,
          enter_ossuary_1, serial_bayou_pond_c
D:7:      layout_rooms, okawaru_humans, minmay_misc_feat_five
D:8:      layout_gridville, mainiacjoe_overflow_small_starburst,
          nicolae_wu_jian_glorious_leap, serial_shops, nicolae_shop_statue_plus,
          eino_jars
D:9:      layout_gridville, orc_0_dummy
D:10:     layout_small_grid, grunt_gozag_statues
D:11:     layout_stronghold, due_lair_maze_entry_diamond, serial_shops, shop,
          nicolae_shop_trees, nicolae_shop_behind_doors, nicolae_stop_n_shop_2,
          hangedman_abyss_or_decor_slice, minmay_protected_statue
Temple:   jpeg_temple_alley_garden
Lair:1:   layout_regular_city, serial_bayou_pond_d

Notes
Turn   | Place    | Note
-------+----------+-------------------------------------------
     0 | D:1      | KyoPewz the Deep Elf Fire Elementalist began the quest for
                  | the Orb.
     0 | D:1      | Reached XP level 1. HP: 10/10 MP: 6/6
     0 | D:1      | magus.rc [v1.9.6]
   265 | D:1      | Reached XP level 2. HP: 15/15 MP: 6/8
   268 | D:1      | Learned a level 2 spell: Scorch
   351 | D:1      | Found Veetyd's Weapon Emporium.
   519 | D:1      | Reached skill level 2 in Conjurations
   852 | D:2      | Reached skill level 4 in Fire Magic
   857 | D:2      | Reached XP level 3. HP: 19/19 MP: 0/9
   863 | D:1      | HP: 4/19 [frozen (5)]
  1407 | D:2      | Reached skill level 3 in Conjurations
  1484 | D:2      | Learned a level 3 spell: Conjure Flame
  1855 | D:3      | Found a shimmering altar of Xom.
  1856 | D:3      | Found a shimmering altar of Xom.
  1859 | D:3      | Found a shimmering altar of Xom.
  1908 | D:3      | Reached XP level 4. HP: 15/24 MP: 3/11
  1915 | D:3      | HP: 2/24 [orc priest/divine providence (14)]
  1965 | D:2      | HP: 3/24 [orc (3)]
  2017 | D:2      | HP: 5/24 [something (2)]
  2535 | D:3      | Reached skill level 4 in Spellcasting
  2535 | D:3      | Reached skill level 5 in Fire Magic
  2535 | D:3      | Reached XP level 5. HP: 28/28 MP: 6/13
  2539 | D:3      | Learned a level 3 spell: Inner Flame
  2620 | D:3      | Reached skill level 1 in Hexes
  2725 | D:3      | Reached skill level 2 in Hexes
  2779 | D:3      | Found a glowing golden altar of the Shining One.
  3306 | D:3      | Reached skill level 3 in Hexes
  3679 | D:3      | Found a faded altar of an unknown god.
  3714 | D:3      | Found a faded altar of an unknown god.
  3714 | D:3      | Found a faded altar of an unknown god.
  3716 | D:3      | Found a hazy altar of Hepliaklqana.
  3824 | D:4      | You pick up a book of Conjurations {@e2} and begin
                  | reading...
  3824 | D:4      | You add the spells Magic Dart, Searing Ray and Fulminant
                  | Prism to your library.
  3826 | D:4      | Noticed a necrophage
  3831 | D:4      | Noticed an ogre
  3834 | D:4      | Found a sacrificial altar of Ru.
  3970 | D:4      | Reached skill level 6 in Fire Magic
  3970 | D:4      | Reached XP level 6. HP: 21/32 MP: 7/14
  4121 | D:4      | Found a glowing drain.
  4137 | Sewer    | Entered a sewer
  4230 | Sewer    | Noticed a water moccasin
  4237 | Sewer    | Killed a water moccasin
  4293 | Sewer    | Learned a level 2 spell: Searing Ray
  4429 | D:4      | Reached skill level 7 in Fire Magic
  4615 | D:4      | Noticed a wyvern
  4627 | D:4      | Killed a wyvern
  4628 | D:4      | Reached skill level 5 in Spellcasting
  4628 | D:4      | Reached skill level 4 in Conjurations
  4628 | D:4      | Reached XP level 7. HP: 36/36 MP: 2/16
  4931 | D:4      | Reached skill level 6 in Spellcasting
  5058 | D:4      | Found a burning altar of Makhleb.
  5504 | D:4      | Learned a level 4 spell: Flame Wave
  5505 | D:5      | Entered Level 5 of the Dungeon
  5528 | D:5      | Reached skill level 5 in Conjurations
  5968 | D:5      | Reached skill level 6 in Conjurations
  5974 | D:5      | Reached XP level 8. HP: 41/41 MP: 7/19
  6007 | D:4      | Reached skill level 7 in Conjurations
  6128 | D:5      | You pick up a book of Flames and begin reading...
  6347 | D:5      | Reached skill level 3 in Dodging
  6414 | D:5      | Found a blossoming altar of Fedhas.
  6415 | D:5      | Noticed Ijyb
  6431 | D:5      | Killed Ijyb
  6754 | D:5      | Reached skill level 4 in Dodging
  7177 | D:6      | Reached skill level 5 in Dodging
  7285 | D:6      | Found a staircase to the Ecumenical Temple.
  7298 | D:6      | Reached skill level 6 in Dodging
  7424 | D:6      | Reached skill level 8 in Fire Magic
  7550 | D:6      | Found a sand-covered staircase.
  7557 | Ossuary  | Entered an ossuary
  7576 | Ossuary  | Reached XP level 9. HP: 45/45 MP: 1/20
  7795 | Ossuary  | You add the spells Ozocubu's Armour and Ozocubu's
                  | Refrigeration to your library.
  7796 | Ossuary  | Identified the +1 chain mail of Midnight {Int+5}
  8035 | D:6      | Reached skill level 9 in Fire Magic
  8065 | Temple   | Entered the Ecumenical Temple
  8137 | Temple   | Became a worshipper of Vehumet
  8544 | D:6      | Found a shadowy altar of Dithmenos.
  8639 | D:6      | Found a sparkling altar of Nemelex Xobeh.
  9135 | D:7      | Reached skill level 10 in Fire Magic
  9227 | D:7      | Found an iron altar of Okawaru.
  9242 | D:7      | HP: 10/45 [human (11)]
  9679 | D:7      | Reached skill level 11 in Fire Magic
 10055 | D:8      | Found an ornate altar of the Wu Jian Council.
 10271 | D:8      | Reached skill level 12 in Fire Magic
 10380 | D:8      | Found Pouwneq's Book Shop.
 10393 | D:8      | Reached skill level 1 in Fighting
 10526 | D:8      | Reached * piety under Vehumet
 10526 | D:8      | Offered knowledge of Shock by Vehumet.
 10530 | D:8      | Learned a level 1 spell: Shock
 10538 | D:8      | Reached skill level 2 in Fighting
 10538 | D:8      | Reached XP level 10. HP: 34/53 MP: 4/21
 11111 | D:8      | Reached skill level 3 in Fighting
 11178 | D:8      | Found a basalt altar of Yredelemnul.
 11329 | D:9      | HP: 5/56 [cloud of flame (20)]
 11330 | D:8      | HP: 1/56 [poisoned by a gnoll sergeant]
 11645 | D:9      | You pick up a book of the Dragon and begin reading...
 11645 | D:9      | You add the spells Cause Fear, Dragon Form and Dragon's
                  | Call to your library.
 11654 | D:9      | Learned a level 4 spell: Cause Fear
 11935 | D:9      | Reached skill level 4 in Hexes
 12156 | D:9      | Found a staircase to the Orcish Mines.
 12244 | D:9      | Noticed a deep elf pyromancer
 12256 | D:9      | Killed a deep elf pyromancer
 12257 | D:9      | Reached skill level 4 in Fighting
 12257 | D:9      | Reached skill level 5 in Hexes
 13310 | D:10     | Entered Level 10 of the Dungeon
 13324 | D:10     | Reached skill level 6 in Hexes
 13480 | D:10     | Noticed a two-headed ogre
 13486 | D:10     | Killed a two-headed ogre
 13487 | D:10     | Reached skill level 5 in Fighting
 13487 | D:10     | Reached skill level 7 in Hexes
 13653 | D:10     | Reached skill level 8 in Hexes
 13656 | D:10     | Offered knowledge of Sandblast by Vehumet.
 13674 | D:10     | Learned a level 1 spell: Sandblast
 13862 | D:10     | Found an opulent altar of Gozag.
 14018 | D:10     | Identified the +1 pair of gloves of Lifelessness {Will+
                  | rCorr}
 14308 | D:10     | Reached skill level 6 in Fighting
 14308 | D:10     | Reached skill level 1 in Earth Magic
 14308 | D:10     | Reached XP level 11. HP: 61/64 MP: 13/22
 14531 | D:11     | Reached skill level 2 in Earth Magic
 14545 | D:11     | Reached skill level 3 in Earth Magic
 14633 | D:11     | Reached ** piety under Vehumet
 14671 | D:11     | Reached skill level 4 in Earth Magic
 14801 | D:11     | Found Fierurph's General Store.
 14877 | D:11     | Reached skill level 5 in Earth Magic
 14973 | D:11     | Found Pusuton's Magic Scroll Shoppe.
 14981 | D:11     | Bought a scroll of magic mapping for 49 gold pieces
 14981 | D:11     | Bought a scroll of fear for 49 gold pieces
 14981 | D:11     | Bought a scroll of identify for 28 gold pieces
 14981 | D:11     | Bought a scroll of noise for 14 gold pieces
 14981 | D:11     | Bought a scroll of identify for 28 gold pieces
 15165 | D:11     | Found Hysmuguc's Book Boutique.
 15201 | D:11     | Found Kauw's General Store.
 15208 | D:11     | Bought a scroll of identify for 34 gold pieces
 15214 | D:11     | Found a staircase to the Lair.
 15222 | D:11     | Noticed an orange crystal statue
 15225 | D:11     | Noticed a two-headed ogre
 15567 | D:11     | You pick up a book of Vapours and begin reading...
 15567 | D:11     | You add the spells Poisonous Vapours and Corpse Rot to your
                  | library.
 15692 | D:11     | You pick up a book of the Warp and begin reading...
 15692 | D:11     | You add the spells Dispersal and Disjunction to your
                  | library.
 15892 | D:11     | Noticed a two-headed ogre
 15892 | D:11     | Noticed a skeletal warrior
 15892 | D:11     | Noticed a skeletal warrior
 15893 | D:11     | Noticed a skeletal warrior
 15940 | D:11     | Noticed a skeletal warrior
 16224 | D:11     | Noticed an eight-headed hydra
 16227 | D:11     | Noticed a five-headed hydra
 16436 | Lair:1   | Entered Level 1 of the Lair of Beasts
 16511 | Lair:1   | Noticed a four-headed hydra
 16527 | Lair:1   | Killed a four-headed hydra
 16528 | Lair:1   | Reached skill level 7 in Spellcasting
 16528 | Lair:1   | Reached skill level 6 in Earth Magic
 16710 | Lair:1   | Noticed an eight-headed hydra
 16749 | Lair:1   | HP: 16/64 [eight-headed hydra (11)]
 16751 | Lair:1   | HP: 1/64 [eight-headed hydra (11)]
 16751 | Lair:1   | Slain by an eight-headed hydra

Vanquished Creatures
  A hydra (Lair:1)
  A two-headed ogre (D:10)
  A deep elf pyromancer (D:9)
  A cyclops (D:11)
  2 unseen horrors
  2 trolls (D:11)
  2 wyverns
  7 yaks
  A basilisk (D:7)
  2 humans (D:7)
  An acid dragon (D:11)
  5 water moccasins
  2 ice beasts (D:6)
  A sky beast (D:6)
  A hornet zombie (D:6)
  4 orc warriors
  2 black bears (D:11)
  A necrophage (D:4)
  3 ogres
  5 centaurs
  9 bullfrogs
  2 gnoll sergeants
  A wyvern zombie (D:8)
  2 scorpions
  A wyvern skeleton (D:5)
  A water moccasin skeleton (D:5)
  11 killer bees
  9 wights
  3 howler monkeys
  3 centaur zombies
  A bullfrog zombie (D:5)
  2 hounds
  5 centaur skeletons
  3 jellies (D:6)
  6 orc priests
  13 orc wizards
  Ijyb (D:5)
  An iguana (D:5)
  4 mummies (Ossuary)
  8 gnolls
  7 adders
  2 shadow imps
  A white imp (D:6)
  An ufetubus (D:4)
  2 adder zombies (Ossuary)
  3 dart slugs
  37 orcs
  A ball python (D:2)
  7 bats
  6 endoplasms
  6 giant cockroaches
  5 goblins
  8 hobgoblins
  15 jackals
  6 quokkas
  2 frilled lizards
  2 gnoll zombies (Ossuary)
  3 goblin skeletons (D:3)
  2 goblin zombies
  3 hobgoblin zombies
  2 jackal zombies (Ossuary)
  12 kobolds
  2 kobold skeletons (D:3)
  A kobold zombie (D:3)
  4 orc zombies (Ossuary)
  5 rats
276 creatures vanquished.

Vanquished Creatures (others)
  798 foxfires
  26 fungi (D:11)
  27 plants
851 creatures vanquished.

Grand Total: 1127 creatures vanquished

Table legend:
 A = Non-vault XP
 B = Vault XP
 C = Vault XP percentage of total XP
 D = Non-vault monster count
 E = Vault monster count
 F = Vault count percentage of total count
                 A         B        C        D         E       F
            +---------+---------+-------+---------+---------+-------
      Total |   11962 |    3094 |  20.5 |     209 |      67 |  24.3
            +---------+---------+-------+---------+---------+-------
        D:1 |      30 |       2 |   6.2 |      17 |       1 |   5.6
        D:2 |      60 |       3 |   4.8 |      20 |       1 |   4.8
        D:3 |      82 |     202 |  71.1 |      24 |      20 |  45.5
        D:4 |     724 |       6 |   0.8 |      12 |       3 |  20.0
        D:5 |     571 |      36 |   5.9 |      29 |       1 |   3.3
        D:6 |    1507 |       0 |   0.0 |      25 |       0 |   0.0
        D:7 |     698 |     392 |  36.0 |      14 |       2 |  12.5
        D:8 |     985 |     436 |  30.7 |      19 |       7 |  26.9
        D:9 |    1962 |       0 |   0.0 |      31 |       0 |   0.0
       D:10 |    3259 |       0 |   0.0 |      11 |       0 |   0.0
       D:11 |    1212 |    1767 |  59.3 |       6 |      10 |  62.5
     Lair:1 |     872 |       0 |   0.0 |       1 |       0 |   0.0
      Sewer |       0 |     155 | 100.0 |       0 |       6 | 100.0
    Ossuary |       0 |      95 | 100.0 |       0 |      16 | 100.0
            +---------+---------+-------+---------+---------+-------

Illustrated notes

Table legend:
 A = Kills in this place as a percentage of kills in entire the game.
 B = Kills by you in this place as a percentage of kills by you in the entire game.
 C = Kills by friends in this place as a percentage of kills by friends in the entire game.
 D = Other kills in this place as a percentage of other kills in the entire game.
 E = Experience gained in this place as a percentage of experience gained in the entire game.
 F = Experience gained in this place divided by the number of levels of this place that you have seen.
                   A       B       C       D       E      F
               +-------+-------+-------+-------+-------+----------------------
         Total | 100.0 | 100.0 |   N/A |   N/A | 100.0 | 1003.7
       Dungeon |  91.7 |  91.7 |   N/A |   N/A |  92.5 | 1266.7
          Lair |   0.4 |   0.4 |   N/A |   N/A |   5.8 | 872.0
         Sewer |   2.2 |   2.2 |   N/A |   N/A |   1.0 | 155.0
       Ossuary |   5.8 |   5.8 |   N/A |   N/A |   0.6 |  95.0
               +-------+-------+-------+-------+-------+----------------------

Table legend: (Time is in decaauts)
 A = Elapsed time spent in this place.
 B = Non-inter-level travel time spent in this place.
 C = Inter-level travel time spent in this place.
 D = Time resting spent in this place.
 E = Time spent auto-exploring this place.
 F = Levels seen in this place.
 G = Mean time per level.
                   A        B        C        D        E       F      G
               +--------+--------+--------+--------+--------+-----+--------+
         Total |  16778 |  15990 |    788 |   2257 |  10210 |  15 | 1118.5 |
       Dungeon |  15651 |  14915 |    736 |   1888 |   9826 |  11 | 1422.8 |
        Temple |    289 |    237 |     52 |      0 |    224 |   1 |  289.0 |
          Lair |    315 |    315 |      0 |    169 |     43 |   1 |  315.0 |
         Sewer |    241 |    241 |      0 |     85 |      0 |   1 |  241.0 |
       Ossuary |    280 |    280 |      0 |    115 |    117 |   1 |  280.0 |
               +--------+--------+--------+--------+--------+-----+--------+

Top non-repeatable levels by time:
    D:11: 1928 daAuts
     D:9: 1755 daAuts
     D:4: 1674 daAuts
     D:3: 1610 daAuts
     D:8: 1564 daAuts
     D:5: 1438 daAuts
     D:6: 1332 daAuts
    D:10: 1128 daAuts
     D:1: 1119 daAuts
     D:2: 1069 daAuts
     D:7: 1029 daAuts
  Lair:1: 315 daAuts
  Temple: 289 daAuts
 Ossuary: 280 daAuts
   Sewer: 241 daAuts
